 Dungeon Crawl Stone Soup version 0.23.2-30-g0e89c35649 (webtiles) character file.

Game seed: 7232662394797947702

83783 xelsha the Blocker (level 15, 0/120 HPs)
             Began as a Gnoll Fighter on June 16, 2019.
             Was a High Priest of Sif Muna.
             Slain by a jumping spider (shapeshifter) (13 damage)
             ... on level 13 of the Dungeon.
             The game lasted 02:48:24 (34889 turns).

xelsha the Blocker (Gnoll Fighter)                 Turns: 34889, Time: 02:48:24

Health: 0/120      AC: 30    Str: 18    XL:     15   Next: 78%
Magic:  27/29      EV: 15    Int: 12    God:    Sif Muna [*****.]
Gold:   864        SH: 12    Dex: 15    Spells: 4/34 levels left

rFire    . . .     SeeInvis .   b - +8 whip "Snakebite" {curare, rPois}
rCold    + . .     Gourm    .   c - +0 shield
rNeg     . . .     Faith    .   e - +6 ice dragon scales of the Eight Boll Weevils {rPois rF- rC++ MR+ Int-5 Stlth+}
rPois    +         Spirit   .   M - +1 hat
rElec    .         Reflect  .   K - +2 cloak
rCorr    .         Harm     .   G - +2 pair of gloves
MR       +++..                  l - +1 pair of boots
Stlth    ++++......             U - amulet of regeneration
HPRegen  0.70/turn              m - ring of protection from magic
MPRegen  0.21/turn              g - ring of fire

@: no status effects
A: distributed training, fangs 1, strong nose
a: Divine Energy, Channel Magic, Forget Spell, Renounce Religion


You were on level 13 of the Dungeon.
You worshipped Sif Muna.
Sif Muna was extremely pleased with you.
You were not hungry.

You visited 3 branches of the dungeon, and saw 21 of its levels.
You also visited: Ice Cave.

You collected 2189 gold pieces.
You spent 1325 gold pieces at shops.

Inventory:

Hand Weapons
 b - the +8 whip "Snakebite" (weapon) {curare, rPois}
   (You found it on level 6 of the Lair of Beasts)

   It poisons the flesh of those it strikes.
   It protects you from poison.
 n - a +2 hunting sling of freezing
 Y - a +0 broad axe of flaming
Missiles
 z - a throwing net (quivered)
 C - 101 sling bullets
 V - 8 javelins of penetration
Armour
 c - a +0 shield (worn)
 e - the +6 ice dragon scales of the Eight Boll Weevils (worn) {rPois rF- rC++ MR+ Int-5 Stlth+}
   (You found it in an ice cave)

   It affects your intelligence (-5).
   It makes you vulnerable to fire.
   It greatly protects you from cold.
   It protects you from poison.
   It affects your resistance to hostile enchantments.
   It makes you more stealthy.
 l - a +1 pair of boots (worn)
 G - a +2 pair of gloves (worn)
 K - a +2 cloak (worn)
 M - a +1 hat (worn)
Magical Staves
 N - an uncursed staff of air
Jewellery
 g - a ring of fire (right hand)
 m - a ring of protection from magic (left hand)
 t - an uncursed ring of see invisible
 B - an uncursed ring of flight
 J - an uncursed ring of wizardry
 U - an amulet of regeneration (around neck)
Wands
 k - a wand of enslavement (20)
 s - a wand of disintegration (12)
 A - a wand of clouds (12)
 H - a wand of acid (19)
 I - a wand of polymorph (21)
 Q - a wand of digging (8)
 Z - a wand of iceblast (8)
Scrolls
 i - 13 scrolls of remove curse
 v - 3 scrolls of fog
 F - 5 scrolls of teleportation
 L - a scroll of magic mapping
 P - a scroll of blinking
 S - 7 scrolls of amnesia
 X - 2 scrolls of identify
Potions
 a - 3 potions of brilliance
 d - 3 potions of might
 h - 3 potions of agility
 o - 4 potions of cancellation
 p - 5 potions of curing
 q - 2 potions of berserk rage
 w - 2 potions of flight
 x - a potion of resistance
 O - a potion of invisibility
 R - 3 potions of heal wounds
Comestibles
 f - 23 rations
 j - 8 chunks of flesh


   Skills:
 + Level 11.8 Fighting
 + Level 10.1 Short Blades
 + Level 10.1 Long Blades
 + Level 10.1 Axes
 + Level 10.1 Maces & Flails
 + Level 11.0 Polearms
 + Level 10.1 Staves
 + Level 10.1 Slings
 + Level 10.1 Bows
 + Level 10.1 Crossbows
 + Level 10.1 Throwing
 + Level 11.8 Armour
 + Level 10.1 Dodging
 + Level 10.1 Stealth
 + Level 11.8 Shields
 + Level 10.1 Unarmed Combat
 + Level 10.1 Spellcasting
 + Level 8.5 Conjurations
 + Level 8.5 Hexes
 + Level 8.5 Charms
 + Level 8.5 Summonings
 + Level 8.5 Necromancy
 + Level 8.5 Translocations
 + Level 8.5 Transmutations
 + Level 8.5 Fire Magic
 + Level 8.5 Ice Magic
 + Level 8.5 Air Magic
 + Level 8.5 Earth Magic
 + Level 8.5 Poison Magic
 + Level 11.0 Invocations
 + Level 10.1 Evocations


You had 4 spell levels left.
You knew the following spells:

 Your Spells              Type           Power        Failure   Level  Hunger
a - Confusing Touch       Hex            ####..       1%          1    None
b - Confuse               Hex            ####....     4%          3    ##.....
c - Animate Skeleton      Necr           N/A          1%          1    None
d - Regeneration          Chrm/Necr      ####......   4%          3    ##.....
e - Animate Dead          Necr           N/A          16%         4    ####...
f - Blink                 Tloc           N/A          2%          2    None
g - Call Imp              Summ           ####....     2%          2    None
h - Mephitic Cloud        Conj/Pois/Air  ####....     4%          3    ##.....
i - Tukima's Dance        Hex            ####....     4%          3    ##.....
j - Sticky Flame          Conj/Fire      #####...     16%         4    ####...
k - Swiftness             Chrm/Air       ####....     2%          2    None
l - Passwall              Tmut/Erth      ####....     2%          2    None

Your spell library contained the following spells:

 Spells                   Type           Power        Failure   Level  Hunger
 Corona                   Hex            ####...      1%          1    None
 Flame Tongue             Conj/Fire      #####        1%          1    None
 Freeze                   Ice            ####         1%          1    None
 Magic Dart               Conj           ####         1%          1    None
 Pain                     Necr           ####         1%          1    None
 Sandblast                Erth           ####..       1%          1    None
 Shock                    Conj/Air       ####         1%          1    None
 Summon Butterflies       Summ           ####....     1%          1    None
 Ensorcelled Hibernation  Hex/Ice        ####..       2%          2    None
 Slow                     Hex            ####....     2%          2    None
 Throw Flame              Conj/Fire      #####.       2%          2    None
 Throw Frost              Conj/Ice       ####..       2%          2    None
 Conjure Flame            Conj/Fire      #####...     4%          3    ##.....
 Dazzling Spray           Conj/Hex       ####..       4%          3    ##.....
 Gell's Gravitas          Tloc           ####......   4%          3    ##.....
 Inner Flame              Hex/Fire       #####...     4%          3    ##.....
 Ozocubu's Armour         Chrm/Ice       ####....     4%          3    ##.....
 Portal Projectile        Hex/Tloc       ####..       4%          3    ##.....
 Static Discharge         Conj/Air       ####....     4%          3    ##.....
 Stone Arrow              Conj/Erth      ####..       4%          3    ##.....
 Vampiric Draining        Necr           ####......   4%          3    ##.....
 Airstrike                Air            ####......   16%         4    ####...
 Petrify                  Tmut/Erth      ####....     16%         4    ####...
 Summon Ice Beast         Ice/Summ       ####....     16%         4    ####...
 Throw Icicle             Conj/Ice       ####....     16%         4    ####...
 Bolt of Magma            Conj/Fire/Erth #####.....   41%         5    #####..
 Borgnjor's Vile Clutch   Necr/Erth      ####......   41%         5    #####..
 Fireball                 Conj/Fire      #####.....   41%         5    #####..
 Iskenderun's Battlesphe  Conj/Chrm      ####....     41%         5    #####..
 Lee's Rapid Deconstruct  Erth           ####......   41%         5    #####..
 Lightning Bolt           Conj/Air       ####......   41%         5    #####..
 Metabolic Englaciation   Hex/Ice        ####......   41%         5    #####..
 Venom Bolt               Conj/Pois      ####......   41%         5    #####..
 Yara's Violent Unravell  Hex/Tmut       ####......   41%         5    #####..
 Bolt of Fire             Conj/Fire      #####.....   94%         6    #######
 Iron Shot                Conj/Erth      ####......   94%         6    #######
 Orb of Destruction       Conj           ####......   100%        7    #######
 Spellforged Servitor     Conj/Summ      ####......   100%        7    #######
 Summon Greater Demon     Summ           ####......   100%        7    #######


Dungeon Overview and Level Annotations

Branches:
Dungeon (13/15)            Temple (0/1) D:7            Lair (6/6) D:11
  Swamp (0/4) Lair:3       Spider (0/4) Lair:4        Slime (0/5) Lair:6
    Orc (2/2) D:11            Elf (0/3) Orc:2
 Vaults: D:13-14

Altars:
Ashenzari
Cheibriados
Gozag
Nemelex Xobeh
Qazlal
Ru
Sif Muna
Trog
Vehumet
Wu Jian
The Shining One
Beogh
Jiyva

Shops:
D:8 :   D:13 *   Orc:2 =%*!?

Annotations:
Lair:4 3 runed translucent doors, exclusion: oklob plant, Fifowuza's ghost, journeyman DrTm
Lair:5 3 runed translucent doors, DiedBeforeTemple's ghost, journeyman SpEn


Innate Abilities, Weirdness & Mutations

Your experience applies equally to all skills.
You have very sharp teeth.
Your uncanny sense of smell can sniff out nearby items.


Message History

You block the jumping spider's attack.
You completely miss the jumping spider.
The jumping spider is heavily wounded.
The jumping spider pounces on you but does no damage.
You block the jumping spider's attack.
You closely miss the jumping spider.
The jumping spider is severely wounded.
The jumping spider pounces on you but does no damage.
You block the jumping spider's attack.
You barely miss the jumping spider.
You bite the jumping spider, but do no damage.
The jumping spider is heavily wounded.
The jumping spider pounces on you!
* * * LOW HITPOINT WARNING * * *
You are caught in a web!
The jumping spider bites you but does no damage.
Casting: Confuse (safe; 4% risk of failure)
Confirm with . or Enter, or press ? or * to list all spells.
You blink.
The jumping spider leaps!
The jumping spider pounces on you!
You die...

#......#8##...
####.>...........
#................
#.##.............
#.##......#8###8#
#.........#########
############...<....#.....
.........###....#s........
########........@.........
##### ####........#......
....# ##......).........
###.### #.......)()).....#
#...###....○..)(........
#####........§..)....#####
...../...#.<............#
..>.......#...##...##.....
............†###..## ##.##


You could see a jumping spider.

Vanquished Creatures
  Jorgrun (D:12)
  Gastronok (D:8)
  A frost giant (D:13)
  An orc warlord (Orc:2)
  6 dire elephants (Lair:6)
  Josephine (Orc:2)
  An ettin (Orc:1)
  A yaktaur captain (D:13)
  3 hydras
  A catoblepas (Lair:6)
  A death knight (D:11)
  An anaconda (Lair:6)
  2 ogre magi (Orc:2)
  9 two-headed ogres
  An orc high priest (Orc:1)
  Sonja (Orc:1)
  A skeletal warrior (D:12)
  2 deep trolls (Orc:2)
  A lindwurm (Lair:4)
  A wolf spider (Lair:4)
  An orc sorcerer (Orc:2)
  2 cyclopes (Orc:2)
  A manticore (Lair:4)
  5 ugly things
  2 moths of wrath (Lair:6)
  A centaur zombie (D:11)
  12 elephants
  3 torpor snails
  Maurice (D:8)
  3 ice statues (IceCv)
  6 black mambas
  9 spiny frogs
  Joseph (D:7)
  6 komodo dragons
  3 rime drakes
  A freezing wraith (D:12)
  10 trolls
  3 meliai
  2 queen bees
  11 tyrant leeches
  2 hornets (D:10)
  A blink frog (Lair:4)
  5 slime creatures (D:12)
  2 bog bodies (Lair:3)
  10 hippogriffs
  5 dream sheep (Lair:5)
  3 redbacks (Lair:4)
  A vampire (D:9)
  45 yaks
  6 wraiths
  2 basilisks
  8 wargs
  5 swamp worms
  10 water moccasins
  10 porcupines
  26 orc warriors
  4 sky beasts
  10 ice beasts
  3 phantoms
  2 necrophages
  26 ogres
  12 wolves
  20 centaurs
  12 crocodiles
  A big kobold (D:8)
  A gnoll sergeant (D:5)
  17 bullfrogs
  5 scorpions
  47 killer bees
  3 howler monkeys
  4 crimson imps
  4 jellies
  2 quasits
  2 bullfrog zombies
  5 hounds
  4 bullfrog skeletons
  16 orc priests
  3 centaur skeletons
  A human zombie (D:4)
  An iguana (D:8)
  24 orc wizards
  11 worker ants
  A hound zombie (D:5)
  A hound skeleton (D:5)
  A howler monkey zombie (D:6)
  9 gnolls
  23 adders
  3 shadow imps
  2 oozes (D:3)
  3 worms
  2 dart slugs
  9 leopard geckos
  95 orcs
  10 bats
  4 giant cockroaches
  10 goblins
  16 jackals
  5 quokkas
  4 frilled lizards
  A jackal skeleton (D:4)
  9 kobolds
  A leopard gecko skeleton (D:5)
  A leopard gecko zombie (D:6)
  An orc zombie (D:4)
  8 rats
  A butterfly (Lair:3)
  5 plants (Lair:6)
726 creatures vanquished.

Vanquished Creatures (collateral kills)
  A warg (D:10)
  A swamp worm (Lair:3)
  A killer bee (Lair:3)
  An orc priest (D:10)
  3 orc wizards (D:10)
  An adder (D:10)
  4 orcs (D:10)
12 creatures vanquished.

Vanquished Creatures (others)
  3 dancing weapons
  A killer bee (Lair:4)
  An electric eel (Lair:3)
  24 fungi
  16 plants
45 creatures vanquished.

Grand Total: 783 creatures vanquished

Notes
Turn   | Place    | Note
-------+----------+-------------------------------------------
     0 | D:1      | xelsha the Gnoll Fighter began the quest for the Orb.
     0 | D:1      | Reached XP level 1. HP: 23/23 MP: 1/1
    58 | D:1      | Reached XP level 2. HP: 29/29 MP: 2/2
   398 | D:1      | Reached XP level 3. HP: 35/35 MP: 3/3
   771 | D:2      | Reached skill level 1 in Invocations
   812 | D:2      | Reached skill level 1 in Short Blades
   812 | D:2      | Reached skill level 1 in Long Blades
   812 | D:2      | Reached skill level 1 in Axes
   812 | D:2      | Reached skill level 1 in Maces & Flails
   812 | D:2      | Reached skill level 1 in Staves
   812 | D:2      | Reached skill level 1 in Slings
   812 | D:2      | Reached skill level 1 in Bows
   812 | D:2      | Reached skill level 1 in Crossbows
   812 | D:2      | Reached skill level 1 in Throwing
   812 | D:2      | Reached skill level 1 in Dodging
   812 | D:2      | Reached skill level 1 in Stealth
   812 | D:2      | Reached skill level 1 in Unarmed Combat
   812 | D:2      | Reached skill level 1 in Spellcasting
   812 | D:2      | Reached skill level 1 in Evocations
   812 | D:2      | Reached XP level 4. HP: 26/41 MP: 5/5
   837 | D:2      | Found a sacrificial altar of Ru.
   868 | D:2      | Found a deep blue altar of Sif Muna.
   871 | D:2      | Found a stormy altar of Qazlal.
   910 | D:2      | Became a worshipper of Sif Muna the Loreminder
   913 | D:2      | Found a glowing golden altar of the Shining One.
   913 | D:2      | Found an ornate altar of the Wu Jian Council.
   913 | D:2      | Found an opulent altar of Gozag.
   915 | D:2      | Found a bloodstained altar of Trog.
   916 | D:2      | Found a radiant altar of Vehumet.
   918 | D:2      | Found a snail-covered altar of Cheibriados.
  1258 | D:3      | Reached skill level 1 in Conjurations
  1258 | D:3      | Reached skill level 1 in Hexes
  1258 | D:3      | Reached skill level 1 in Charms
  1258 | D:3      | Reached skill level 1 in Summonings
  1258 | D:3      | Reached skill level 1 in Necromancy
  1258 | D:3      | Reached skill level 1 in Translocations
  1258 | D:3      | Reached skill level 1 in Transmutations
  1258 | D:3      | Reached skill level 1 in Fire Magic
  1258 | D:3      | Reached skill level 1 in Ice Magic
  1258 | D:3      | Reached skill level 1 in Air Magic
  1258 | D:3      | Reached skill level 1 in Earth Magic
  1258 | D:3      | Reached skill level 1 in Poison Magic
  1470 | D:3      | Reached XP level 5. HP: 44/47 MP: 6/6
  1932 | D:3      | Reached XP level 6. HP: 51/53 MP: 8/8
  2312 | D:3      | Reached * piety under Sif Muna
  2475 | D:4      | Reached skill level 5 in Polearms
  3032 | D:4      | Reached XP level 7. HP: 43/59 MP: 10/10
  3111 | D:4      | Found a sand-covered staircase.
  3820 | D:5      | Entered Level 5 of the Dungeon
  4570 | D:5      | Reached XP level 8. HP: 55/67 MP: 12/12
  5057 | D:5      | Reached ** piety under Sif Muna
  5203 | D:5      | Found a shattered altar of Ashenzari.
  5284 | D:6      | Got a shimmering ring mail
  5295 | D:6      | Identified the +2 ring mail of Impressiveness {Int+10} (You
                  | found it on level 6 of the Dungeon)
  6947 | D:6      | Found the +3 robe of Folly {Archmagi, MR-- Int+5}
  6954 | D:6      | Reached XP level 9. HP: 72/72 MP: 14/14
  6998 | D:6      | Learned a level 1 spell: Confusing Touch
  7002 | D:6      | Learned a level 3 spell: Confuse
  7777 | D:7      | Found a staircase to the Ecumenical Temple.
  8175 | D:7      | Noticed Joseph
  8451 | D:7      | Killed Joseph
  8677 | D:8      | Found Numeuwuu's Book Shop.
  8683 | D:8      | Bought a book of Necromancy for 390 gold pieces
  8685 | D:8      | Learned a level 1 spell: Animate Skeleton
  8689 | D:8      | Learned a level 3 spell: Regeneration
  8725 | D:8      | Noticed Gastronok
  8811 | D:8      | Noticed a two-headed ogre
  8821 | D:8      | Noticed Maurice
  8850 | D:7      | Reached *** piety under Sif Muna
  8850 | D:7      | Reached skill level 5 in Invocations
  9443 | D:8      | Reached XP level 10. HP: 52/79 MP: 17/17
  9589 | D:9      | Found a sparkling altar of Nemelex Xobeh.
  9822 | D:8      | Killed Maurice
 10151 | D:8      | Reached skill level 5 in Short Blades
 10151 | D:8      | Reached skill level 5 in Long Blades
 10151 | D:8      | Reached skill level 5 in Axes
 10151 | D:8      | Reached skill level 5 in Maces & Flails
 10151 | D:8      | Reached skill level 5 in Staves
 10151 | D:8      | Reached skill level 5 in Slings
 10151 | D:8      | Reached skill level 5 in Bows
 10151 | D:8      | Reached skill level 5 in Crossbows
 10151 | D:8      | Reached skill level 5 in Throwing
 10151 | D:8      | Reached skill level 5 in Dodging
 10151 | D:8      | Reached skill level 5 in Stealth
 10151 | D:8      | Reached skill level 5 in Unarmed Combat
 10151 | D:8      | Reached skill level 5 in Spellcasting
 10151 | D:8      | Reached skill level 5 in Evocations
 12300 | D:9      | Found a roughly hewn altar of Beogh.
 12918 | D:10     | Entered Level 10 of the Dungeon
 12946 | D:10     | Noticed a two-headed ogre
 13045 | D:10     | Reached XP level 11. HP: 81/86 MP: 19/19
 13084 | D:10     | Killed a two-headed ogre
 13375 | D:10     | Reached **** piety under Sif Muna
 13545 | D:10     | Reached skill level 5 in Conjurations
 13545 | D:10     | Reached skill level 5 in Hexes
 13545 | D:10     | Reached skill level 5 in Charms
 13545 | D:10     | Reached skill level 5 in Summonings
 13545 | D:10     | Reached skill level 5 in Necromancy
 13545 | D:10     | Reached skill level 5 in Translocations
 13545 | D:10     | Reached skill level 5 in Transmutations
 13545 | D:10     | Reached skill level 5 in Fire Magic
 13545 | D:10     | Reached skill level 5 in Ice Magic
 13545 | D:10     | Reached skill level 5 in Air Magic
 13545 | D:10     | Reached skill level 5 in Earth Magic
 13545 | D:10     | Reached skill level 5 in Poison Magic
 13551 | D:10     | Learned a level 4 spell: Animate Dead
 13780 | D:10     | Noticed a two-headed ogre
 13802 | D:10     | Killed a two-headed ogre
 14246 | D:11     | Noticed a brown ugly thing
 14691 | D:11     | Found a staircase to the Lair.
 14857 | D:11     | Found a staircase to the Orcish Mines.
 14857 | D:11     | Noticed a brown ugly thing
 14860 | D:11     | Noticed a brown ugly thing
 15913 | D:12     | Noticed a death knight
 15916 | D:12     | Noticed a skeletal warrior
 15947 | D:11     | Paralysed by a hornet for 2 turns
 16598 | Lair:1   | Entered Level 1 of the Lair of Beasts
 16963 | Lair:1   | Learned a level 2 spell: Blink
 16966 | Lair:1   | Learned a level 2 spell: Call Imp
 16970 | Lair:1   | Learned a level 3 spell: Mephitic Cloud
 17048 | Lair:1   | Reached XP level 12. HP: 95/95 MP: 22/22
 17375 | Lair:1   | You fall through a shaft!
 17486 | Lair:1   | You fall through a shaft!
 17528 | Lair:1   | Got a ripped robe
 17539 | Lair:1   | Identified the +2 robe of Bitovogh {MR+++ SInv} (You found
                  | it on level 1 of the Lair of Beasts)
 17875 | Lair:2   | Reached ***** piety under Sif Muna
 18919 | Lair:3   | Identified Cihim's Volume of Captivating Conjuration (Sif
                  | Muna gifted it to you on level 3 of the Lair of Beasts)
 18919 | Lair:3   | Received a gift from Sif Muna
 21220 | Lair:3   | Reached skill level 10 in Fighting
 21220 | Lair:3   | Reached skill level 10 in Armour
 21220 | Lair:3   | Reached skill level 10 in Shields
 21228 | Lair:3   | Found a staircase to the Swamp.
 22036 | Lair:4   | Learned a level 3 spell: Tukima's Dance
 22132 | Lair:4   | Found a runed translucent gate.
 22132 | Lair:4   | Found a runed translucent gate.
 22133 | Lair:4   | Found a runed translucent gate.
 22436 | Lair:4   | Reached XP level 13. HP: 103/103 MP: 24/24
 23341 | Lair:4   | Noticed Fifowuza's ghost (journeyman DrTm)
 23663 | Lair:4   | Found a hole to the Spider Nest.
 25340 | Lair:5   | Noticed a minotaur
 25637 | Lair:5   | Found a frozen archway.
 25663 | IceCv    | Entered an ice cave
 25675 | IceCv    | Received a gift from Sif Muna
 25686 | IceCv    | Learned a level 4 spell: Sticky Flame
 25755 | IceCv    | HP: 4/104 [something (16)]
 26958 | IceCv    | Got ichor-stained ice dragon scales
 26964 | IceCv    | Identified the +6 ice dragon scales of the Eight Boll
                  | Weevils {rPois rF- rC++ MR+ Int-5 Stlth+} (You found it in
                  | an ice cave)
 26972 | IceCv    | Got an iridescent flail
 26973 | IceCv    | Identified the +9 flail "Duloevvo" {pain, rPois} (You found
                  | it in an ice cave)
 27214 | Lair:5   | Noticed DiedBeforeTemple's ghost (journeyman SpEn)
 27690 | Lair:5   | Found a runed translucent gate.
 27690 | Lair:5   | Found a runed translucent gate.
 27690 | Lair:5   | Found a runed translucent gate.
 27863 | Lair:6   | Entered Level 6 of the Lair of Beasts
 27892 | Lair:5   | Reached XP level 14. HP: 102/111 MP: 26/26
 28210 | Lair:6   | Found a staircase to the Slime Pits.
 28211 | Lair:6   | Found a viscous altar of Jiyva.
 28223 | Lair:6   | Reached skill level 10 in Polearms
 29116 | Lair:6   | Found the +8 whip "Snakebite" {curare, rPois}
 29592 | Lair:6   | Noticed a dire elephant
 29602 | Lair:6   | Noticed a dire elephant
 29821 | Lair:6   | Killed a dire elephant
 29893 | Lair:6   | Killed a dire elephant
 29893 | Lair:6   | Reached skill level 10 in Invocations
 30019 | Lair:6   | Noticed a dire elephant
 30047 | Lair:6   | Killed a dire elephant
 30117 | Lair:6   | Noticed a dire elephant
 30152 | Lair:6   | Killed a dire elephant
 30427 | Lair:6   | Noticed a dire elephant
 30427 | Lair:6   | Noticed a dire elephant
 30477 | Lair:6   | Killed a dire elephant
 30489 | Lair:6   | Killed a dire elephant
 30563 | Lair:6   | Got a shimmering battleaxe
 30569 | Lair:6   | Learned a level 2 spell: Swiftness
 31478 | D:8      | Bought a book of Geomancy for 455 gold pieces
 31481 | D:8      | Learned a level 2 spell: Passwall
 31507 | D:8      | Killed Gastronok
 31603 | Orc:1    | Entered Level 1 of the Orcish Mines
 31686 | Orc:1    | Noticed Sonja
 31699 | Orc:1    | Killed Sonja
 32042 | Orc:2    | Entered Level 2 of the Orcish Mines
 32042 | Orc:2    | Found a staircase to the Elven Halls.
 32042 | Orc:2    | Noticed Josephine
 32131 | Orc:2    | Killed Josephine
 32131 | Orc:2    | Reached XP level 15. HP: 98/119 MP: 28/28
 32256 | Orc:2    | Found Ikij's Distillery.
 32340 | Orc:2    | Noticed an orc warlord
 32376 | Orc:2    | Killed an orc warlord
 32691 | Orc:1    | Identified Xiteniuf's Disquisition on the Creative Rocks
                  | (Sif Muna gifted it to you on level 1 of the Orcish Mines)
 32691 | Orc:1    | Received a gift from Sif Muna
 32840 | Orc:2    | Found Jumeircha's Food Emporium.
 32853 | Orc:2    | Found Watt's Magic Scroll Shop.
 32869 | Orc:2    | Found Xagemoen's Assorted Antiques.
 32896 | Orc:2    | Bought a scroll of blinking for 127 gold pieces
 32925 | Orc:2    | Bought a potion of mutation for 144 gold pieces
 32925 | Orc:2    | Bought a potion of curing for 54 gold pieces
 33031 | Orc:2    | Bought a potion of heal wounds for 155 gold pieces
 33075 | Orc:2    | Found a roughly hewn altar of Beogh.
 33186 | Orc:2    | Found Uppoc's Jewellery Boutique.
 33925 | D:12     | Reached skill level 10 in Short Blades
 33925 | D:12     | Reached skill level 10 in Long Blades
 33925 | D:12     | Reached skill level 10 in Axes
 33925 | D:12     | Reached skill level 10 in Maces & Flails
 33925 | D:12     | Reached skill level 10 in Staves
 33925 | D:12     | Reached skill level 10 in Slings
 33925 | D:12     | Reached skill level 10 in Bows
 33925 | D:12     | Reached skill level 10 in Crossbows
 33925 | D:12     | Reached skill level 10 in Throwing
 33925 | D:12     | Reached skill level 10 in Dodging
 33925 | D:12     | Reached skill level 10 in Stealth
 33925 | D:12     | Reached skill level 10 in Unarmed Combat
 33925 | D:12     | Reached skill level 10 in Spellcasting
 33925 | D:12     | Reached skill level 10 in Evocations
 34378 | D:13     | Noticed Jorgrun
 34402 | D:12     | Killed Jorgrun
 34746 | D:13     | Found Xypalio's General Store.
 34839 | D:13     | Noticed a frost giant
 34866 | D:13     | Killed a frost giant
 34889 | D:13     | Slain by a jumping spider (shapeshifter)

Skill      XL: |  1  2  3  4  5  6  7  8  9 10 11 12 13 14 15 |
---------------+----------------------------------------------+-----
Invocations    | 1 2 3 4 5 6 7 8 9 10 11 | 11.0
Short Blades   | 1 2 3 4 5 6 7 8 9 10 | 10.1
Long Blades    | 1 2 3 4 5 6 7 8 9 10 | 10.1
Axes           | 1 2 3 4 5 6 7 8 9 10 | 10.1
Maces & Flails | 1 2 3 4 5 6 7 8 9 10 | 10.1
Staves         | 1 2 3 4 5 6 7 8 9 10 | 10.1
Slings         | 1 2 3 4 5 6 7 8 9 10 | 10.1
Bows           | 1 2 3 4 5 6 7 8 9 10 | 10.1
Crossbows      | 1 2 3 4 5 6 7 8 9 10 | 10.1
Throwing       | 1 2 3 4 5 6 7 8 9 10 | 10.1
Dodging        | 1 2 3 4 5 6 7 8 9 10 | 10.1
Stealth        | 1 2 3 4 5 6 7 8 9 10 | 10.1
Unarmed Combat | 1 2 3 4 5 6 7 8 9 10 | 10.1
Spellcasting   | 1 2 3 4 5 6 7 8 9 10 | 10.1
Evocations     | 1 2 3 4 5 6 7 8 9 10 | 10.1
Conjurations   | 1 2 3 4 5 6 7 8 |  8.5
Hexes          | 1 2 3 4 5 6 7 8 |  8.5
Charms         | 1 2 3 4 5 6 7 8 |  8.5
Summonings     | 1 2 3 4 5 6 7 8 |  8.5
Necromancy     | 1 2 3 4 5 6 7 8 |  8.5
Translocations | 1 2 3 4 5 6 7 8 |  8.5
Transmutations | 1 2 3 4 5 6 7 8 |  8.5
Fire Magic     | 1 2 3 4 5 6 7 8 |  8.5
Ice Magic      | 1 2 3 4 5 6 7 8 |  8.5
Air Magic      | 1 2 3 4 5 6 7 8 |  8.5
Earth Magic    | 1 2 3 4 5 6 7 8 |  8.5
Poison Magic   | 1 2 3 4 5 6 7 8 |  8.5
Polearms       | 5 6 7 8 9 10 11 | 11.0
Fighting       | 7 8 9 10 11 | 11.8
Armour         | 7 8 9 10 11 | 11.8
Shields        | 7 8 9 10 11 | 11.8

Action                   |  1- 3 |  4- 6 |  7- 9 | 10-12 | 13-15 || total
-------------------------+-------+-------+-------+-------+-------++-------
Melee: Trident           |    39 |       |       |       |       ||    39
       Bite              |     7 |    25 |    68 |   209 |   243 ||   552
       Spear             |    41 |   251 |   524 |   143 |       ||   959
       Dagger            |       |       |       |   698 |       ||   698
       Rapier            |       |       |       |   446 |   277 ||   723
       Broad axe         |       |       |       |       |   340 ||   340
       Flail             |       |       |       |       |   410 ||   410
       Whip              |       |       |       |       |   608 ||   608
 Fire: Hunting sling     |       |       |       |     5 |   117 ||   122
Throw: Javelin           |       |       |       |       |     2 ||     2
       Throwing net      |       |       |       |       |     1 ||     1
 Cast: Confusing Touch   |       |       |     7 |    61 |    23 ||    91
       Regeneration      |       |       |       |    25 |    27 ||    52
       Confuse           |       |       |       |     3 |    18 ||    21
       Animate Dead      |       |       |       |     8 |       ||     8
       Call Imp          |       |       |       |     4 |       ||     4
       Blink             |       |       |       |     1 |    18 ||    19
       Animate Skeleton  |       |       |       |     1 |       ||     1
       Tukima's Dance    |       |       |       |       |    11 ||    11
Evoke: Wand              |       |       |     1 |     3 |    31 ||    35
  Use: Scroll            |     2 |       |     8 |    19 |    12 ||    41
       Potion            |       |     3 |       |     3 |    10 ||    16
 Stab: Invisible         |       |     1 |       |       |       ||     1
       Sleeping          |       |       |     8 |    16 |    11 ||    35
       Confused          |       |       |     8 |    24 |    12 ||    44
       Distracted        |       |       |       |     1 |     7 ||     8
       Paralysed         |       |       |       |       |     3 ||     3
  Eat: Chunk             |       |     7 |    14 |    18 |    21 ||    60
       Ration            |       |       |     2 |     8 |     7 ||    17
Armor: Scale mail        |    12 |    63 |    23 |       |       ||    98
       Ring mail         |       |       |    44 |   160 |       ||   204
       Leather armour    |       |       |       |    24 |   130 ||   154
       Robe              |       |       |       |    22 |       ||    22
       Ice dragon scales |       |       |       |       |   464 ||   464
Dodge: Dodged            |    19 |    62 |    93 |   444 |   725 ||  1343
Block: Shield            |    29 |   127 |   240 |   686 |  1065 ||  2147
       Reflection        |       |     6 |     7 |     6 |     3 ||    22
       Buckler           |       |       |       |   139 |       ||   139
